 Dungeon Crawl Stone Soup version 0.27-a0-1136-g0b992a5a9d (webtiles) character file.

Game seed: 16265217564704669932

26 leviel the Skirmisher (level 2, 0/27 HPs)
             Began as a Draconian Berserker on May 5, 2021.
             Was a Follower of Trog.
             Slain by an orc
             ... wielding a +0 war axe
              (10 damage)
             ... on level 2 of the Dungeon.
             The game lasted 00:02:41 (1080 turns).

leviel the Skirmisher (Draconian Berserker)         Turns: 1080, Time: 00:02:41

Health: 0/27       AC:  4    Str: 19    XL:     2   Next: 89%
Magic:  2/2        EV: 12    Int:  7    God:    Trog [*.....]
Gold:   36         SH:  0    Dex: 12    Spells: 1/1 levels left

rFire    . . .     SeeInvis .   a - +0 hand axe
rCold    . . .     Faith    .   (no shield)
rNeg     . . .     Spirit   .   (armour unavailable)
rPois    .         Reflect  .   (helmet restricted)
rElec    .         Harm     .   (no cloak)
rCorr    .         Rampage  .   (no gloves)
Will     .....     Clarity  +   (no boots)
Stlth    +.........             (no amulet)
HPRegen  0.09/turn              (no ring)
MPRegen  0.08/turn              (no ring)

@: very slightly contaminated, invisible
A: AC +4, unfitting armour, cold-blooded, talons 1, agile 1, clarity
a: Renounce Religion, Berserk


You were on level 2 of the Dungeon.
You worshipped Trog.
Trog was aware of your devotion.
You visited 1 branch of the dungeon, and saw 2 of its levels.

You collected 55 gold pieces.
You spent 19 gold pieces at shops.

Inventory:

Hand Weapons
 a - a +0 hand axe (weapon)


   Skills:
 + Level 3.8 Fighting
 + Level 3.4 Axes
 + Level 2.9 Dodging
 + Level 0.3 Stealth


You had one spell level left.
You didn't know any spells.
Your spell library was empty.

Dungeon Overview and Level Annotations

Branches:
Dungeon (2/15)

Altars:

Shops:
D:1 *


Innate Abilities, Weirdness & Mutations

Your plain brown scales are hard. (AC +4)
You cannot fit into any form of body armour.
You are cold-blooded and may be slowed by cold attacks.
You have sharp toenails.
You are agile. (Dex +2)
You possess an exceptional clarity of mind.


Message History

An orc comes into view. It is wielding a +0 trident.
An orc comes into view. It is wielding a +0 war axe.
The orc shouts!
An orc comes into view. It is wielding a +0 falchion.
The orc hits you but does no damage.
The orc shouts!
You hit the orc.
The orc is moderately wounded.
You slash the orc!
You kill the orc!
Trog accepts your kill.
The orc wizard gestures at itself while chanting.
The orc wizard flickers and vanishes!
Deactivating autopickup; reactivate with Ctrl-A.
The orc barely misses you. The orc barely misses you.
The orc closely misses you. Something hits you.
You hit the orc. You claw the orc.
You kill the orc!
Trog accepts your kill.
You hit something. You hit the orc. You hit the orc but do no damage.
The orc closely misses you. x2
You hear some strange, mumbled words.
You feel momentarily confused. The orc barely misses you.
You barely miss the orc.
Your tail-slap misses the orc.
The orc is heavily wounded.
You hit the orc but do no damage. You miss something.
The orc hits you with a +0 falchion.
You hear some strange, mumbled words.
A magic dart appears from out of thin air!
The magic dart hits you! The orc hits you but does no damage.
You fade into invisibility!
The orc closely misses you. Something hits you but does no damage.
The orc closely misses you.
You are very lightly contaminated with residual magic.
You closely miss something. You claw something. You hit the orc. x2
The orc barely misses you.
You hear some strange, mumbled words.
Something tries to affect you, but you resist.
The orc hits you with a +0 war axe!
You die...

.######..#.###.####
........<.......... #
.######.##.###..####.#
#.######..............#
..............)........
#.#########+###...).#.#
#'####...........####
......)...............
......o@.)........####
......o{....)...#.#
................#..#
................##.#
......(.........# ..
................# .#
................#
................#


You could see 2 orcs.

Vanquished Creatures
  An adder (D:2)
  2 orcs (D:2)
  An endoplasm (D:1)
  A giant cockroach (D:1)
  2 quokkas (D:1)
  3 ball pythons
  A bat (D:2)
  A frilled lizard (D:1)
  2 goblins (D:2)
  2 rats (D:1)
16 creatures vanquished.

Vanquished Creatures (others)
  A plant (D:1)
1 creature vanquished.

Grand Total: 17 creatures vanquished

Notes
Turn   | Place    | Note
-------+----------+-------------------------------------------
     0 | D:1      | leviel the Draconian Berserker began the quest for the Orb.
     0 | D:1      | Reached XP level 1. HP: 19/19 MP: 1/1
   599 | D:1      | Reached XP level 2. HP: 27/27 MP: 2/2
   732 | D:1      | Found Pitumom's Assorted Antiques.
   735 | D:1      | Bought a smoky emerald potion for 19 gold pieces
   839 | D:1      | Gained mutation: Your spells are a little easier to cast,
                  | but a little less powerful. [potion of mutation]
   839 | D:1      | Gained mutation: Your mind is acute. (Int +2) [potion of
                  | mutation]
   839 | D:1      | Gained mutation: You have sharp toenails. [potion of
                  | mutation]
   840 | D:1      | Lost mutation: Your mind is acute. (Int +2) [potion of
                  | mutation]
   840 | D:1      | Lost mutation: Your spells are a little easier to cast, but
                  | a little less powerful. [potion of mutation]
   840 | D:1      | Gained mutation: You are agile. (Dex +2) [potion of
                  | mutation]
   840 | D:1      | Gained mutation: You possess an exceptional clarity of
                  | mind. [potion of mutation]
  1080 | D:2      | Slain by an orc

Illustrated notes

Levels and vault maps discovered:
D:1:      eino_arrival_druids_welcome, layout_basic, serial_shops,
          nicolae_shop_trees
D:2:      layout_basic, minmay_split_cup_small, uniq_crazy_yiuf_cottage

Action                   || total
-------------------------++-------
Melee: Hand axe          ||    43
       Tailslap          ||     8
       Kick              ||     2
  Use: Potion            ||     5
       Scroll            ||     2
Armor: Skin              ||    17
Dodge: Dodged            ||    37

Table legend: (Time is in decaauts)
 A = Elapsed time spent in this place.
 B = Non-inter-level travel time spent in this place.
 C = Inter-level travel time spent in this place.
 D = Time resting spent in this place.
 E = Time spent auto-exploring this place.
 F = Levels seen in this place.
 G = Mean time per level.
                   A        B        C        D        E       F      G
               +--------+--------+--------+--------+--------+-----+--------+
         Total |   1085 |   1049 |     36 |      0 |    935 |   2 |  542.5 |
       Dungeon |   1085 |   1049 |     36 |      0 |    935 |   2 |  542.5 |
               +--------+--------+--------+--------+--------+-----+--------+

Top non-repeatable levels by time:
     D:1: 884 daAuts
     D:2: 200 daAuts
